 Dungeon Crawl Stone Soup version 0.19.1 (webtiles) character file.

58 galech the Covered (level 3, 0/33 HPs)
             Began as a Deep Dwarf Fighter on Dec 8, 2016.
             Was an Initiate of Gozag.
             Slain by Sigmund
             ... wielding a +0 scythe
              (1 damage)
             ... on level 2 of the Dungeon.
             The game lasted 00:04:27 (1088 turns).

galech the Covered (Deep Dwarf Fighter)             Turns: 1088, Time: 00:04:28

Health: 0/33       AC:  8    Str: 20    XL:     3   Next: 76%
Magic:  3/3        EV:  7    Int: 11    God:    Gozag
Gold:   33         SH:  9    Dex: 12    Spells: 0 memorised, 2 levels left

rFire  . . .     SeeInvis .     a - +0 war axe
rCold  . . .     Gourm    .     h - +0 scale mail (curse)
rNeg   . . .     Faith    .     c - +0 shield
rPois  .         Spirit   .     (no helmet)
rElec  .         Reflect  .     (no cloak)
rCorr  .         Harm     .     (no gloves)
MR     .....                    g - +0 pair of boots
Stlth  ..........               (no amulet)
                                (no ring)
                                l - +3 ring of intelligence

@: non-regenerating
A: damage resistance, recharge devices, sense surroundings 1, slow regeneration
3
a: Device Recharging, Potion Petition, Call Merchant, Bribe Branch, Renounce
Religion


You were on level 2 of the Dungeon.
You worshipped Gozag.
Gozag was noncommittal.
You were not hungry.

You visited 1 branch of the dungeon, and saw 2 of its levels.

You collected 41 gold pieces.
You paid 8 gold pieces to Gozag.

Inventory:

Hand Weapons
 a - a +0 war axe (weapon)
Armour
 b - a +0 scale mail
 c - a +0 shield (worn)
 g - a +0 pair of boots (worn)
 h - a cursed +0 scale mail (worn)
Jewellery
 l - a +3 ring of intelligence (left hand)
Wands
 e - a wand of heal wounds (4/9)
Scrolls
 i - a scroll of recharging {unknown}
 j - a scroll of magic mapping {unknown}
 k - a scroll of enchant armour {unknown}
 m - a scroll of remove curse {unknown}
 n - 2 scrolls of teleportation {unknown}
Potions
 d - a potion of might
Comestibles
 f - 2 bread rations
 o - a chunk of flesh


   Skills:
 + Level 2.9 Fighting
 + Level 2.7 Axes
 + Level 4.0 Armour
 + Level 0.4 Dodging
 + Level 1.1 Stealth
 + Level 3.7 Shields


You had 2 spell levels left.
You didn't know any spells.

Dungeon Overview and Level Annotations

Branches:
Dungeon (2/15)

Altars:
Gozag
Nemelex Xobeh
Uskayaw
Yredelemnul

Annotations:
D:2 Sigmund


Innate Abilities, Weirdness & Mutations

You are resistant to damage.
You can recharge devices by infusing magical energy.
You passively map a small area around you.
You do not regenerate.


Message History

You feel much better.
This wand has 4 charges left.
Your scale mail prevents you from hitting something.
Something hits you but does no damage.
You miss something. Something hits you.
You miss something. Something hits you.
You miss something. Something hits you!
You hit something but do no damage. Something hits you.
You miss something. Something hits you!
You closely miss something. You block something's attack.
You barely miss something. Something hits you!
* * * LOW HITPOINT WARNING * * *
Your shield and scale mail prevent you from hitting something.
You block something's attack.
You barely miss something. Something hits you.
* * * LOW HITPOINT WARNING * * *
You hit something. Something hits you!
* * * LOW HITPOINT WARNING * * *
You barely miss something. Something hits you.
You die...
Your body crumbles into a pile of gold.

##..........#..# , ,
.....#........## , , ,,
################ ## ,
...............# .# . *
*
#...#...#..†#..#*.##,.
*, , .............._#
.. .#
#...#...#...#..##.##.#
, *
...............#{....#
################@....#
,* *
#..............#.....#
*
#....................#,
*,
#...........###......#
, * ,
#............##.####.#
, ..............#.##
*.#* *
.#.###............ #
.#.###............ , *
* ##>#.............. *
,


There were no monsters in sight!

Vanquished Creatures
  2 adders (D:2)
  A dart slug (D:2)
  3 leopard geckos
  5 giant cockroaches
  4 goblins
  5 hobgoblins
  4 jackals (D:1)
  4 kobolds
  2 frilled lizards
  2 rats
32 creatures vanquished.

Notes
Turn   | Place    | Note
-------+----------+-------------------------------------------
     0 | D:1      | galech the Deep Dwarf Fighter began the quest for the Orb.
     0 | D:1      | Reached XP level 1. HP: 20/20 MP: 1/1
   101 | D:1      | Reached XP level 2. HP: 27/27 MP: 2/2
   124 | D:1      | Found a sparkling altar of Nemelex Xobeh.
   706 | D:2      | Found a basalt altar of Yredelemnul.
   765 | D:2      | Reached XP level 3. HP: 30/33 MP: 3/3
   815 | D:2      | Reached skill level 1 in Stealth
   875 | D:2      | Reached skill level 4 in Armour
   955 | D:2      | Found a hide-covered altar of Uskayaw.
  1003 | D:2      | Found a faded altar of an unknown god.
  1003 | D:2      | Found a faded altar of an unknown god.
  1012 | D:2      | Found a faded altar of an unknown god.
  1019 | D:2      | Found an opulent altar of Gozag.
  1023 | D:2      | Found a faded altar of an unknown god.
  1031 | D:2      | Became a worshipper of Gozag Ym Sagoz the Greedy
  1064 | D:2      | Noticed Sigmund
  1087 | D:2      | HP: 1/33 [something (7)]
  1088 | D:2      | Slain by Sigmund

Skill      XL: |  1  2  3 |
---------------+----------+-----
Stealth        | 1 |  1.1
Armour         | 4 |  4.0
Fighting       | |  2.9
Axes           | |  2.7
Dodging        | |  0.4
Shields        | |  3.7

Action                   || total
-------------------------++-------
Melee: War axe           ||   108
Evoke: Wand              ||     1
  Eat: Chunk             ||     1
Armor: Scale mail        ||    39
Dodge: Dodged            ||    32
Block: Shield            ||    54
